 Dungeon Crawl Stone Soup version 0.30.1-11-g7821555f0a (webtiles) character file.

Game seed: 140631453363068978

6916 Ankhtithe the Destroyer (level 10, -7/69 HPs)
             Began as a Demigod Earth Elementalist on Nov 4, 2023.
             Mangled by a fire crab (shapeshifter) (8 damage)
             ... on level 8 of the Dungeon.
             The game lasted 00:47:01 (8956 turns).

Ankhtithe the Destroyer (DgEE)                      Turns: 8956, Time: 00:47:03

Health: -7/69      AC: 14    Str:  9    XL:     10   Next: 51%
Magic:  24/24      EV: 11    Int: 29    God:
Gold:   610        SH:  0    Dex: 14    Spells: 18/22 levels left

rFire   . . .        E - +1 falchion (venom)
rCold   . . .        l - +0 buckler
rNeg    . . .        L - +1 steam dragon scales
rPois   +            e - +1 helmet
rElec   .            p - +2 cloak
rCorr   +            (no gloves)
SInv    .            w - +2 pair of boots
Will    +....        (no amulet)
Stlth   +            n - ring of resist corrosion
HPRegen 0.31/turn    A - ring of poison resistance
MPRegen 0.19/turn

%: no passive effects
@: confused, ambrosia-drunk
A: high MP 1, forlorn, divine attributes
a: no special abilities


You were on level 8 of the Dungeon.
You visited 2 branches of the dungeon, and saw 9 of its levels.

You collected 610 gold pieces.

Inventory:

Hand Weapons
 E - a +1 falchion of venom (weapon)
 G - the +7 flail of the Sugar Beet {drain, rElec rN++ rCorr Int-5}
   (You took it off an orc on level 7 of the Dungeon)

   Int:       It affects your intelligence (-5).
   rElec:     It insulates you from electricity.
   rN:        It greatly protects you from negative energy.
   rCorr:     It protects you from acid and corrosion.
 J - a +2 short sword of holy wrath
Missiles
 d - 5 atropa-tipped darts
 I - 15 poisoned darts
 M - a curare-tipped dart
 N - 4 datura-tipped darts
Armour
 e - a +1 helmet (worn)
 k - the +0 leather armour "Faomnal" {rCorr MP+9 Dex-3 Stlth+}
   (You found it on level 5 of the Dungeon)

   Dex:       It affects your dexterity (-3).
   MP:        It affects your magic capacity (+9).
   rCorr:     It protects you from acid and corrosion.
   Stlth:     It makes you more stealthy.
 l - a +0 buckler (worn)
 p - a +2 cloak (worn)
 r - a +2 robe of willpower
 w - a +2 pair of boots (worn)
 z - a +0 kite shield
 H - an orb of guile
 L - +1 steam dragon scales (worn)
Jewellery
 g - a ring of ice
 n - a ring of resist corrosion (left hand)
 A - a ring of poison resistance (right hand)
Wands
 o - a wand of mindburst (2)
 q - a wand of quicksilver (5)
 t - a wand of paralysis (14)
 x - a wand of polymorph (11)
Scrolls
 a - a scroll of magic mapping
 u - a scroll of teleportation
 y - 2 scrolls of vulnerability
 D - a scroll of enchant weapon
 F - 2 scrolls of identify
Potions
 b - 2 potions of magic
 c - 2 potions of heal wounds
 f - 4 potions of degeneration
 h - 2 potions of might
 i - a potion of ambrosia
 j - 5 potions of lignification
 m - a potion of mutation
 s - 3 potions of curing
 v - 2 potions of resistance
 B - 3 potions of brilliance
 C - 2 potions of flight
 K - a potion of berserk rage {unknown}


   Skills:
 - Level 2.0 Dodging
 - Level 2.0 Stealth
 - Level 5.4 Shields
 + Level 6.8 Spellcasting
 * Level 9.4 Conjurations
 - Level 1.0 Transmutations
 + Level 8.2 Earth Magic


You had 18 spell levels left.
You knew the following spells:

 Your Spells              Type           Power      Damage    Failure   Level
a - Sandblast             Erth           100%       2d20      1%          1
z - Stone Arrow           Conj/Erth      100%       3d13      1%          3

Your spell library contained the following spells:

 Spells                   Type           Power      Damage    Failure   Level
 Passwall                 Tmut/Erth      30%        N/A       1%          2
 Beastly Appendage        Tmut           30%        N/A       4%          1
 Wereblood                Tmut           15%        N/A       8%          2
 Petrify                  Tmut/Erth      36%        N/A       11%         4
 Spider Form              Tmut/Pois      12%        N/A       19%         3
 Portal Projectile        Hex/Tloc       18%        N/A       22%         3
 Tukima's Dance           Hex            9%         N/A       22%         3
 Summon Lightning Spire   Summ/Air       9%         N/A       58%         4
 Blade Hands              Tmut           7%         N/A       80%         5
 Storm Form               Tmut/Air       6%         N/A       100%        7
 Maxwell's Capacitive Co  Air            4%         ∞         100%        8


Dungeon Overview and Level Annotations

Branches:
Dungeon (8/15)             Temple (1/1) D:5
   Lair: D:8-11

Shops:
D:2 :   D:3 ?   D:8 *

Annotations:
D:2 Bookshop!


Innate Abilities, Weirdness & Mutations

You have an increased reservoir of magic. (+10% MP)
You shall have no god before yourself.
Your divine heritage dramatically boosts your attributes as you level up.


Message History

Aim: an ice beast (heavily wounded, 85% to hit)
The blast of sand hits the ice beast!
You kill the ice beast!
The wind drake closely misses you.
Casting: Sandblast (safe; 1% risk of failure)
Confirm with . or Enter, or press ? or * to list all spells.
Aiming: Stone Arrow (safe; 1% risk of failure)
Press: ? - help, Shift-Dir - straight line, f - wind drake
Aim: a wind drake (66% to hit)
The stone arrow misses the wind drake.
The wind drake begins repelling missiles!
You completely miss the wind drake. The wind drake flaps its wings at you.
The air twists around and strikes you. The wind drake bites you.
You closely miss the wind drake. The wind drake barely misses you. x2
You barely miss the wind drake. The wind drake misses you.
You are confused.
You feel invigorated. The wind drake bites you.
You barely miss the wind drake.
The wind drake changes into something you cannot see!
A fire crab appears out of thin air!
You hit the fire crab.
The fire crab is poisoned.
The fire crab is lightly wounded.
The fire crab breathes flames at you.
The blast of flame engulfs you but does no damage.
Unknown command.
You are too confused!
The fire crab attacks as you move away!
The fire crab bites you but does no damage.
The fire crab closely misses you.
You are engulfed in blazing flames.
You're too confused to cast spells.
Sorry, you're not good enough to have a special ability.
You're too confused to move!
You are engulfed in blazing flames.
* * * LOW HITPOINT WARNING * * *
The fire crab bites you.
* * * LOW HITPOINT WARNING * * *
You are engulfed in flames!
* * * LOW HITPOINT WARNING * * *
The fire crab claws you!
You die...

~..##.#.....# #.♣♣♣♣#....##..
~..##)#)♣♣♣.# #♣.♣ ♣#..######
~..##..♣.♣.♣# ###.♣♣ ♣...#
...##...♣♣♣.# #.#.)♣♣♣...#
##.##..♣.♣.♣### #.#♣♣......#
...##.#)♣♣♣.##. #.#♣♣♣♣.#..#
##.##.#.....##° #.#♣....#..#
#.#..#.....##°##°#♣.♣♣♣#..######
#.#..#.....#.°t@°#♣♣.♣♣#........
#....#♣...♣#°♣♣♣°# ♣♣.♣#..#####.
####.#♣♣.♣♣#.....# ♣.♣♣ ..# #.
#.# ♣.# ###.###♣♣.♣♣#..# #.
#.#♣♣.♣♣#.♣.♣.#.....# ###
#.#♣...♣#..♣..#.♣♣♣♣# #..
#.#..........†....♣ #.⌠
#.#♣...♣#..♣..#.♣♣♣ +..
#.#♣♣.♣♣#.♣.♣(#... #.⌠


You could see a fire crab (very poisoned).

Vanquished Creatures
  A two-headed ogre (D:8)
  An ugly thing (D:8)
  A troll (D:8)
  3 polar bears (D:8)
  4 yaks (D:8)
  2 steam dragons (D:8)
  2 water moccasins
  Duvessa (D:6)
  4 black bears
  7 orc warriors
  2 ice beasts (D:8)
  2 sky beasts
  An ogre (D:7)
  2 wolves (D:8)
  2 centaurs (D:8)
  A phantom (D:5)
  4 kobold brigands (D:8)
  3 bullfrogs
  2 scorpions (D:5)
  A wight (D:8)
  Dowan (D:6)
  4 killer bees (D:8)
  2 howler monkeys
  8 hounds
  3 jellies
  Crazy Yiuf (D:2)
  4 orc priests
  4 iguanas
  Ijyb (D:3)
  8 orc wizards
  A killer bee simulacrum (D:8)
  6 gnolls
  9 adders
  A shadow imp (D:5)
  5 white imps (D:8)
  An ufetubus (D:5)
  2 worms
  4 dart slugs
  58 orcs
  7 bats
  6 endoplasms
  5 giant cockroaches
  4 goblins
  4 hobgoblins
  12 jackals
  9 kobolds
  3 quokkas
  5 ball pythons
  6 frilled lizards
  4 rats (D:1)
234 creatures vanquished.

Notes
Turn   | Place    | Note
-------+----------+-------------------------------------------
     0 | D:1      | Ankhtithe the Demigod Earth Elementalist began the quest
                  | for the Orb.
     0 | D:1      | Reached XP level 1. HP: 14/14 MP: 5/5
    64 | D:1      | Reached skill level 1 in Transmutations
   144 | D:1      | Reached XP level 2. HP: 16/20 MP: 1/7
   811 | D:1      | Reached XP level 3. HP: 23/26 MP: 2/8
  1161 | D:2      | Found Quorroso's Book Emporium.
  1368 | D:2      | Identified the +0 leather armour of Submission {*Slow rF+
                  | Will+ Slay+2}
  1638 | D:2      | Found a runed translucent door.
  1639 | D:2      | Noticed Crazy Yiuf
  1832 | D:2      | Killed Crazy Yiuf
  1833 | D:2      | Reached XP level 4. HP: 33/33 MP: 7/10
  2033 | D:3      | Noticed Ijyb
  2042 | D:3      | Killed Ijyb
  2228 | D:3      | Learned a level 3 spell: Stone Arrow
  2386 | D:3      | You fall into a shaft and drop 1 floor!
  2445 | D:3      | Reached XP level 5. HP: 34/38 MP: 7/12
  3001 | D:3      | Found Reewun's Magic Scroll Shoppe.
  3312 | D:4      | Reached skill level 1 in Conjurations
  3625 | D:4      | Reached skill level 5 in Earth Magic
  3918 | D:5      | Entered Level 5 of the Dungeon
  3942 | D:5      | Reached skill level 2 in Conjurations
  3942 | D:5      | Reached XP level 6. HP: 44/45 MP: 9/14
  4222 | D:5      | Reached skill level 3 in Conjurations
  4306 | D:5      | Reached XP level 7. HP: 32/50 MP: 8/15
  4493 | D:5      | Reached skill level 4 in Conjurations
  4521 | D:5      | Found a staircase to the Ecumenical Temple.
  4521 | D:5      | Identified the +0 leather armour "Faomnal" {rCorr MP+9
                  | Dex-3 Stlth+}
  4564 | Temple   | Entered the Ecumenical Temple
  4620 | D:5      | Reached skill level 1 in Shields
  5047 | D:6      | Noticed Duvessa
  5049 | D:6      | Noticed Dowan
  5059 | D:6      | Killed Duvessa
  5061 | D:6      | Killed Dowan
  5163 | D:6      | Reached XP level 8. HP: 57/57 MP: 14/18
  5268 | D:6      | Reached skill level 5 in Conjurations
  6602 | D:7      | Identified the +7 flail of the Sugar Beet {drain, rElec
                  | rN++ rCorr Int-5}
  6741 | D:7      | Reached skill level 5 in Spellcasting
  6741 | D:7      | Reached skill level 6 in Conjurations
  6976 | D:8      | Reached XP level 9. HP: 62/62 MP: 14/20
  7159 | D:8      | Reached skill level 5 in Shields
  7408 | D:8      | Reached skill level 7 in Conjurations
  8140 | D:8      | Found Qiluurar's Mass Market.
  8303 | D:8      | Reached skill level 8 in Conjurations
  8312 | D:8      | Reached XP level 10. HP: 69/69 MP: 8/23
  8557 | D:8      | Noticed a two-headed ogre
  8566 | D:8      | Killed a two-headed ogre
  8866 | D:8      | Reached skill level 9 in Conjurations
  8937 | D:8      | Noticed a white ugly thing
  8943 | D:8      | Killed a white ugly thing
  8953 | D:8      | Noticed a fire crab
  8956 | D:8      | HP: 1/69 [fire crab (shapeshifter) (9)]
  8956 | D:8      | Mangled by a fire crab (shapeshifter)

Illustrated notes

Levels and vault maps discovered:
D:1:      dpeg_arrival_rooms_c, layout_basic, lexackson_kobold_supper
D:2:      layout_basic, serial_shops, shop, uniq_crazy_yiuf_cottage
D:3:      layout_basic, mainiacjoe_overflow_big_doors, serial_shops,
          nicolae_shop_rolled_up, uniq_ijyb
D:4:      layout_rooms, lemuel_round_altar, mainiacjoe_overflow_paths,
          kennysheep_potato
D:5:      layout_basic, makhleb_heckhound_becter, temple_statues
D:6:      layout_basic, nicolae_ru_awakened_eye, kiku_gazebo_garden_becter,
          uniq_duvessa
D:7:      layout_basic, okawaru_metal_pillars_1_2, nicolae_benzene_ring
D:8:      nzn_winding_woodlands_medium [nzn_winding_woodlands_5x5_default,
          nzn_winding_woodlands_5x15_jagged, nzn_winding_woodlands_5x5_three,
          nzn_winding_woodlands_5x5_closed_star,
          nzn_winding_woodlands_center_lodge, nzn_winding_woodlands_hourglass,
          nzn_winding_woodlands_5x5_open_star,
          nzn_winding_woodlands_5x15_parted, nzn_winding_woodlands_5x5_default],
          layout_loops_ring, old_standard_altar, nicolae_overflow_hidden_temple,
          kennysheep_little_box, serial_ice, serial_ice_d, serial_ice_b,
          serial_ice_g, serial_ice_n, serial_ice_i, serial_ice_c, special_room
          [special_room_orc], minmay_shop_mass
Temple:   minmay_freezing_vapour_temple

Skill      XL: |  1  2  3  4  5  6  7  8  9 10 |
---------------+-------------------------------+-----
Transmutations | 1 |  1.0
Stealth        | 2 |  2.0
Earth Magic    | 3 4 5 6 7 8 |  8.2
Dodging        | 2 |  2.0
Spellcasting   | 2 3 4 5 6 |  6.8
Conjurations   | 2 3 4 6 8 9 |  9.4
Shields        | 2 4 5 |  5.4

Action                     |  1- 3 |  4- 6 |  7- 9 | 10-12 || total
---------------------------+-------+-------+-------+-------++-------
  Melee: Dagger            |    66 |       |       |       ||    66
         Punch             |     1 |       |       |       ||     1
         Mace              |       |    39 |     1 |       ||    40
         Falchion          |       |       |    14 |    21 ||    35
   Cast: Sandblast         |    46 |    89 |   155 |    28 ||   318
         Stone Arrow       |       |       |    43 |    15 ||    58
  Evoke: Wand              |       |       |       |     1 ||     1
    Use: Scroll            |       |    12 |    10 |       ||    22
         Potion            |       |     1 |     1 |     1 ||     3
   Stab: Sleeping          |     1 |     1 |       |       ||     2
 Armour: Robe              |     4 |    28 |    41 |       ||    73
         Steam dragon scal |       |       |       |    34 ||    34
  Dodge: Dodged            |    51 |    65 |    49 |    35 ||   200
  Block: Buckler           |       |       |    15 |    13 ||    28
